[Event "*** Titled Tuesday Blitz"]
[Site "Chess.com"]
[Date "2020.10.20"]
[Round "6"]
[White "JiiHart"]
[Black "queen_iryna"]
[Result "1-0"]
[WhiteElo "2082"]
[BlackElo "2293"]
[TimeControl "180+1"]
[EndTime "11:08:16 PDT"]
[Termination "JiiHart won by checkmate"]

1. e4 d5 2. exd5 Qxd5 3. Nc3 Qd8 4. d4 Nf6 5. Bc4 e6 6. Nf3 Be7 7. O-O O-O 8. h3 a6 9. Bf4 b5 10. Bd3 Bb7 11. Re1 Nbd7 12. Ne4 Nxe4 13. Bxe4 Bxe4 14. Rxe4 Nf6 15. Re2 c5 16. dxc5 Bxc5 17. Qxd8 Raxd8 18. Rd2 Rxd2 19. Bxd2 Rd8 20. b4 Bb6 21. a4 Ne4 22. Be1 h6 23. axb5 axb5 24. Ra6 Rd6 25. Ra8+ Kh7 26. Rb8 f6 27. Kf1 e5 28.
Ke2 Kg6 29. g4 Kf7 30. Nh4 Rc6 31. Nf5 Nxf2 32. Bxf2 Rxc2+ 33. Kd3 Rxf2 34. Rb7+ Kf8 35. Rxb6 Rf3+ 36. Ke4 Rf4+ 37. Kd5 Rxb4 38. Ke6 Kg8 39.
Rb7 Rb3 40. Rxg7+ Kh8 41. Kxf6 Rxh3 42. Ne7 Rf3+ 43. Kg6 Rf8 44. Rh7# 1-0

[Event "*** Titled Tuesday Blitz"]
[Site "Chess.com"]
[Date "2020.10.20"]
[Round "6"]
[White "nrvisakh"]
[Black "WuinaterJr"]
[Result "0-1"]
[WhiteElo "2710"]
[BlackElo "2531"]
[TimeControl "180+1"]
[EndTime "11:08:17 PDT"]
[Termination "WuinaterJr won on time"]

1. e4 c5 2. Nf3 d6 3. d4 cxd4 4. Nxd4 Nf6 5. Nc3 a6 6. f4 e5 7. Nf3 Nbd7 8. a4 Qc7 9. Bd3 Be7 10. O-O O-O 11. Kh1 b6 12. Qe1 Bb7 13. Nh4 Rfe8 14. Nf5 Bf8 15. Qg3 Nc5 16. fxe5 dxe5 17. Nh6+ Kh8 18. Rxf6 gxh6 19. Bxh6 Bxh6 20. Rxh6 Rg8 21. Qh3 Rg7 22. Rf1 Rag8 23. Nd5 Bxd5 24. exd5 e4 25. Be2 Nxa4 26. c4 Nxb2 27. d6 Qc8 28. d7 Qc7 29. Qc3 Na4 30. Qd4 Nc5 31. Rxf7 Nxd7 32. Bg4 Qe5 33. Qxe5 Nxe5 34. Rxg7 Kxg7 35. Rh4 Nxc4 36.
Be6 Rd8 37. h3 Nd6 38. Bb3 Re8 39. Kg1 a5 40. Kf2 b5 41. Bd5 a4 42. Bc6 a3 43.
Rg4+ Kf6 44. Ke3 a2 0-1

[Event "*** Titled Tuesday Blitz"]
[Site "Chess.com"]
[Date "2020.10.20"]
[Round "6"]
[White "ViktoriyaTarasova"]
[Black "Andrii_Prydun"]
[Result "1-0"]
[WhiteElo "2258"]
[BlackElo "2371"]
[TimeControl "180+1"]
[EndTime "11:08:17 PDT"]
[Termination "ViktoriyaTarasova won by resignation"]

1. d4 Nf6 2. c4 e5 3. dxe5 Ng4 4. e3 Nxe5 5. f4 Nec6 6. Bd3 Bc5 7. Nc3 O-O 8. Qh5 f5 9. Bxf5 Rxf5 10. Qxf5 d6 11.
Qd5+ Kh8 12. Nf3 Nb4 13. Qd1 Bf5 14. e4 Be6 15. Qe2 Qg8 16. b3 N8c6 17. a3 Nd4 18. Nxd4 Bxd4 19. Bb2 Nc6 20. O-O-O Re8 21. Rhe1 Na5 22.
Qc2 Bf6 23. Nd5 Bxb2+ 24. Qxb2 b5 25. Nxc7 Rc8 26. Nxe6 Qxe6 27. Kb1 bxc4 28. f5 Qf7 29. b4 c3 30. Qc2 Nb3 31. Rd3 Qf6 32. Ree3 Nd4 33.
Rxc3 Rf8 34. Qc1 Qd8 35. Red3 Nb5 36. Rb3 h6 37. a4 Nc7 38. Rdc3 Rf7 39. Rc6 Qe7 40. Qc2 d5 41. exd5 Qe1+ 42. Ka2 Rxf5 43. Qxf5 1-0

[Event "*** Titled Tuesday Blitz"]
[Site "Chess.com"]
[Date "2020.10.20"]
[Round "6"]
[White "HouseOfDurin"]
[Black "AndreyNeves"]
[Result "1-0"]
[WhiteElo "2166"]
[BlackElo "2252"]
[TimeControl "180+1"]
[EndTime "11:08:17 PDT"]
[Termination "HouseOfDurin won by resignation"]

1. d4 d5 2. Bg5 Nf6 3. Bxf6 gxf6 4. e3 e6 5. c4 c6 6. cxd5 cxd5 7. Nc3 Nc6 8. a3 Bd6 9. g3 h5 10. h4 Bd7 11.
Be2 Ne7 12. Bxh5 Qb6 13. b4 a5 14. b5 a4 15. Be2 Nf5 16. Bd3 Nxe3 17. fxe3 Bxg3+ 18. Kd2 Qa5 19. Ne2 Bxh4 20. Rc1 Ke7 21. Qf1 Bg5 22. Qf3 Rxh1 23. Rxh1 Rc8 24. Rc1 e5 25. Qxd5 Be6 26. Qxb7+ Rc7 27. Qa6 Qxa6 28. bxa6 exd4 29. Nxd4 Rd7 30. Nxe6 fxe6 31. Nxa4 e5 32. Nc5 Rc7 33. Be4 Bh6 34. Bb7 1-0

[Event "*** Titled Tuesday Blitz"]
[Site "Chess.com"]
[Date "2020.10.20"]
[Round "6"]
[White "ambaixador"]
[Black "Oglob71"]
[Result "0-1"]
[WhiteElo "2304"]
[BlackElo "2442"]
[TimeControl "180+1"]
[EndTime "11:08:19 PDT"]
[Termination "Oglob71 won by resignation"]

1. Nf3 Nf6 2. c4 e6 3. g3 b6 4.
Bg2 Bb7 5. O-O c5 6. Re1 d6 7.
b3 Nbd7 8. Bb2 Rc8 9. d4 cxd4 10. Qxd4 a6 11. Nc3 Be7 12. Rac1 Qc7 13. h3 O-O 14. e4 Rfd8 15. Qd2 Bf8 16. Nd4 Qb8 17. f4 Qa8 18. g4 Nc5 19. Qe2 e5 20. Nf5 exf4 21.
Nd5 Bxd5 22. Bxf6 Re8 23. cxd5 gxf6 24. Qd2 Qa7 25. Kh2 b5 26. b4 Nd7 27. Qxf4 Ne5 28.
g5 Ng6 29. Qg3 fxg5 30. Qxg5 Rxc1 31. Rxc1 h6 32. Qf6 Qd7 33. Rc3 Qd8 34. Qd4 Qg5 35. Rg3 Qf4 36. Qf6 Qe5 37. Qxe5 dxe5 38. h4 h5 39. Rg5 Bxb4 40. Bf3 Bd2 41. Rxh5 Bf4+ 42.
Kg2 Rc8 43. Kh3 Rc3 44. Kg4 Rc1 45. Nh6+ Kg7 46. Nf5+ Kf6 47. Rh7 Rg1+ 48. Kh3 Be3 49. h5 Nf4+ 50. Kh2 Re1 51. Rh6+ Ng6 52. hxg6 fxg6 53.
Bh5 Bxh6 54. Bxg6 Kxg6 55. Nh4+ Kf6 56. Nf3 Rd1 57. d6 Rxd6 0-1

[Event "*** Titled Tuesday Blitz"]
[Site "Chess.com"]
[Date "2020.10.20"]
[Round "6"]
[White "MashaFromRussia"]
[Black "Zemerovv"]
[Result "0-1"]
[WhiteElo "2401"]
[BlackElo "2292"]
[TimeControl "180+1"]
[EndTime "11:08:19 PDT"]
[Termination "Zemerovv won by resignation"]

1. d4 g6 2. c4 Bg7 3. Nf3 d6 4. g3 Nc6 5. Bg2 e5 6. d5 Nce7 7. Nc3 f5 8. e4 Nf6 9. exf5 gxf5 10. c5 O-O 11. O-O Kh8 12. cxd6 cxd6 13. Bg5 b6 14. Rc1 Bb7 15. Nh4 Rc8 16. Qd2 Qd7 17.
Rc2 a6 18. Rfc1 b5 19. a3 Ng6 20. Bh3 Nxh4 21. Bxh4 Rc5 22. b4 Rxd5 23. Nxd5 Nxd5 24. Bg2 e4 25. f3 Qe6 26. fxe4 fxe4 27. Qe2 Bd4+ 28.
Kh1 Ne3 29. Rc7 Nxg2 30. Qxg2 Bd5 31. Re7 Qf5 32. g4 Qf3 33. h3 e3 34. Qxf3 Bxf3+ 35. Kh2 e2 36. Rcc7 Be5+ 37. Kg1 Bd4+ 38. Kh2 Be5+ 39. Kg1 Be4 40. Rxe5 Rf1+ 41. Kh2 dxe5 42. Rc8+ Kg7 43. Rc7+ Kf8 44. Rc8+ Kf7 45. Rc7+ Ke6 46. Re7+ Kd6 47. Ra7 Rh1+ 0-1

[Event "*** Titled Tuesday Blitz"]
[Site "Chess.com"]
[Date "2020.10.20"]
[Round "6"]
[White "jonaszmb"]
[Black "vinniethepooh"]
[Result "0-1"]
[WhiteElo "2408"]
[BlackElo "2565"]
[TimeControl "180+1"]
[EndTime "11:08:20 PDT"]
[Termination "vinniethepooh won on time"]

1. g3 d5 2. Bg2 c6 3. Nf3 g6 4. d4 Bg7 5. O-O Nf6 6. c4 dxc4 7. Ne5 Ng4 8. Nxc4 Qxd4 9. Qxd4 Bxd4 10. h3 Ne5 11.
Nxe5 Bxe5 12. Bh6 Be6 13. Nc3 Nd7 14. Rac1 Rg8 15. Be3 Kf8 16. Bh6+ Bg7 17. Be3 Nb6 18. b3 f5 19. Rfd1 Kf7 20. g4 Rgd8 21. gxf5 gxf5 22. Rxd8 Rxd8 23. Rd1 Rg8 24. Nb1 Nd5 25. Bxa7 Nf4 26.
Be3 Nxe2+ 27. Kf1 Nc3 28. Nxc3 Bxc3 29. Rd3 Be5 30. Bd4 Rd8 0-1

[Event "*** Titled Tuesday Blitz"]
[Site "Chess.com"]
[Date "2020.10.20"]
[Round "6"]
[White "Egorov_Pavel"]
[Black "HrvojeZagreb"]
[Result "1/2-1/2"]
[WhiteElo "2391"]
[BlackElo "2207"]
[TimeControl "180+1"]
[EndTime "11:08:20 PDT"]
[Termination "Game drawn by repetition"]

1. d4 e6 2. c4 f5 3. Nc3 Nf6 4. Nf3 Bb4 5. e3 O-O 6. Bd3 b6 7. O-O Bxc3 8. bxc3 d6 9. Qc2 Bb7 10. Nd2 Nbd7 11. f3 g6 12. e4 f4 13. e5 dxe5 14. Ne4 exd4 15. Ng5 Nc5 16. Bxg6 d3 17. Bxd3 Qxd3 18.
Qxd3 Nxd3 19. Nxe6 Rf7 20. Nxf4 Nxf4 21. Bxf4 Ba6 22. Rfd1 Bxc4 23. Rd4 b5 24. a4 c5 25. Rd2 b4 26. cxb4 cxb4 27. Rd4 Be6 28. Rxb4 Nd5 29. Rb8+ Rxb8 30. Bxb8 Rb7 31. Be5 a5 32. Rc1 Kf7 33.
Rc5 Ra7 34. Kf2 Nb4 35. Ke3 Bb3 36. Bc7 Nd5+ 37. Kd4 Nxc7 38. Rh5 Kg6 39. Rh4 Ne6+ 40. Ke5 Ng7 41. f4 Kf7 42. f5 Rd7 43. Rxh7 Rd5+ 44.
Ke4 Rxf5 45. Rxg7+ Kxg7 46. Kxf5 Bxa4 47. Ke4 Bc6+ 48.
Kd3 Bxg2 49. Kc3 Bc6 50. Kb3 Kg6 51. Ka3 Kh5 52. Ka2 Kh4 53. Ka1 Kh3 54. Kb2 Kxh2 55. Ka1 Kg2 56. Kb2 Kf2 57. Ka1 Ke2 58. Kb2 Kf1 59.
Ka2 Ke2 60. Ka1 Kf1 61. Kb2 Ke2 62. Ka1 Kf1 63. Kb2 Ke2 64. Ka1 1/2-1/2

[Event "*** Titled Tuesday Blitz"]
[Site "Chess.com"]
[Date "2020.10.20"]
[Round "6"]
[White "yobdc"]
[Black "mr65"]
[Result "1-0"]
[WhiteElo "2349"]
[BlackElo "2163"]
[TimeControl "180+1"]
[EndTime "11:08:20 PDT"]
[Termination "yobdc won by checkmate"]

1. d4 Nf6 2. Nf3 g6 3. Nbd2 d5 4. e3 Bg7 5. b4 a5 6. b5 O-O 7. Be2 c5 8. bxc6 bxc6 9. c4 c5 10. O-O cxd4 11. Nxd4 dxc4 12. Bf3 Ra6 13. Nxc4 Qc7 14.
Be2 Ra8 15. Ba3 Bb7 16. Rc1 Qd8 17. Nb5 Nc6 18. Bf3 Qxd1 19. Rfxd1 Rab8 20. Bc5 Nb4 21. a4 Bxf3 22. gxf3 Nbd5 23. e4 Nf4 24. Bxe7 Ne2+ 25. Kf1 Nxc1 26. Bxf8 Bxf8 27. Rxc1 Nd7 28. Nxa5 Ra8 29.
Rc7 Rxa5 30. Rxd7 Rxa4 31. Kg2 h5 32. Nc3 Rc4 33. Nd5 Kg7 34. Kg3 Rc1 35. e5 Rg1+ 36.
Kh3 g5 37. e6 g4+ 38. fxg4 hxg4+ 39. Kh4 Kg6 40. Rxf7 Bh6 41. Ne7# 1-0

[Event "*** Titled Tuesday Blitz"]
[Site "Chess.com"]
[Date "2020.10.20"]
[Round "6"]
[White "Fortitudine"]
[Black "scarabee43"]
[Result "0-1"]
[WhiteElo "2293"]
[BlackElo "2476"]
[TimeControl "180+1"]
[EndTime "11:08:21 PDT"]
[Termination "scarabee43 won on time"]

1. c4 e6 2. g3 d5 3. Nf3 Nf6 4. Bg2 Be7 5. b3 O-O 6. Bb2 b6 7. cxd5 exd5 8. d4 Bb7 9. O-O Nbd7 10. Nc3 Re8 11. Rc1 a6 12. Na4 Bf8 13. Ne5 Nxe5 14. dxe5 Ng4 15. Qd4 Nxe5 16. Rfd1 c5 17. Qd2 Qc7 18.
b4 Nc4 19. Qc2 Rad8 20. bxc5 bxc5 21. Ba1 Bc6 22. Nc3 d4 23. Ne4 Na3 24. Qb3 c4 25. Rxc4 Nxc4 26. Qxc4 Qb7 27. f3 Bb5 28. Qb3 Qc6 29.
Kh1 Bxe2 30. Re1 d3 31. Qb2 Qb5 0-1

[Event "*** Titled Tuesday Blitz"]
[Site "Chess.com"]
[Date "2020.10.20"]
[Round "6"]
[White "Kolle05"]
[Black "Oligan22"]
[Result "0-1"]
[WhiteElo "2294"]
[BlackElo "2426"]
[TimeControl "180+1"]
[EndTime "11:08:21 PDT"]
[Termination "Oligan22 won by resignation"]

1. e4 c5 2. Nf3 e6 3. d4 cxd4 4. Nxd4 a6 5. c4 Qc7 6. Nc3 Nf6 7. Ke2 b6 8. f3 Qxc4+ 9. Kf2 Qc7 10. Be3 Nc6 11. Rc1 Bb7 12. g4 Rc8 13. g5 Nh5 14. Nd5 exd5 15. exd5 Bc5 16. dxc6 Bxc6 17. Nxc6 Bxe3+ 18.
Kxe3 dxc6 19. Bxa6 Rd8 20. Qe2 O-O 21. Kf2 b5 22.
Bxb5 Qb6+ 23. Kf1 cxb5 24. Rg1 Nf4 25. Qf2 Qxf2+ 26. Kxf2 Nd3+ 27. Ke3 Nxc1 28. Rxc1 Rfe8+ 29. Kf4 g6 30. Rc5 Rd4+ 31. Kg3 b4 32. a4 bxa3 33.
bxa3 Re3 34. h4 Rdd3 35. h5 Rxf3+ 36. Kg4 Rg3+ 37. Kf4 Rdf3+ 38. Ke4 gxh5 39. a4 h4 40. a5 Ra3 41. Kf5 Kg7 42. Ke5 Rxg5+ 43. Kd6 Rd3+ 0-1

[Event "*** Titled Tuesday Blitz"]
[Site "Chess.com"]
[Date "2020.10.20"]
[Round "6"]
[White "ChronicUnhappiness"]
[Black "Susal_De_Silva"]
[Result "0-1"]
[WhiteElo "2285"]
[BlackElo "2422"]
[TimeControl "180+1"]
[EndTime "11:08:21 PDT"]
[Termination "Susal_De_Silva won on time"]

1. c4 e5 2. g3 Nf6 3. Bg2 d5 4. cxd5 Nxd5 5. Nc3 Nb6 6. Nf3 Nc6 7. O-O Be7 8. a3 a5 9. e3 O-O 10. d4 exd4 11. Nxd4 Nxd4 12. exd4 Bf6 13. Be3 Nc4 14. Qe2 Nd6 15. Nd5 c6 16. Nxf6+ Qxf6 17. d5 cxd5 18. Bxd5 Bh3 19. Rfd1 Rfe8 20. Qf3 Qg6 21. Bc5 Bg4 22. Qd3 Bxd1 23. Qxg6 hxg6 24. Rxd1 Nf5 25. Bxb7 Rab8 26. Rd7 Re1+ 27. Kg2 Re2 28. b4 a4 29. Bd5 Nh6 30. Be3 Kh7 31. Kf3 Rc2 32. g4 Rc3 33. Kf4 Rxa3 34. Bc5 Rd3 35. Ke4 Rd1 36. g5 Nf5 37.
Kf4 a3 0-1

[Event "*** Titled Tuesday Blitz"]
[Site "Chess.com"]
[Date "2020.10.20"]
[Round "6"]
[White "GM_Levan_Pantsulaia"]
[Black "PavelShkapenko"]
[Result "1-0"]
[WhiteElo "2858"]
[BlackElo "2703"]
[TimeControl "180+1"]
[EndTime "11:08:23 PDT"]
[Termination "GM_Levan_Pantsulaia won by resignation"]

1. Nf3 Nf6 2. g3 d5 3. Bg2 c6 4.
c4 dxc4 5. O-O Nbd7 6. Qc2 e5 7. Qxc4 Bd6 8. d3 O-O 9. Qc2 Re8 10. Nbd2 Bc7 11. b3 Nd5 12. Bb2 Nf8 13. a3 a5 14. e4 Nb6 15. d4 exd4 16. Nxd4 a4 17. b4 Be6 18. Rad1 Qc8 19. Rfe1 Bh3 20. Bh1 Ng6 21. Nf5 Be5 22. Bxe5 Rxe5 23. Nf3 Re6 24. Ng5 Bxf5 25. exf5 Rxe1+ 26. Rxe1 Nf8 27. Re7 Qd8 28. Rxb7 Qxg5 29. Rxb6 Rd8 30. h4 Qg4 31. Bxc6 Rd1+ 32. Kg2 Rd6 33. Bf3 Qd4 34. Rxd6 Qxd6 35. Qc5 Qd3 36. b5 h5 37. b6 Nd7 38. Qc8+ Kh7 39. b7 Qd6 40. Qxd7 1-0

[Event "*** Titled Tuesday Blitz"]
[Site "Chess.com"]
[Date "2020.10.20"]
[Round "6"]
[White "kleinebeer98"]
[Black "PriSachu"]
[Result "1-0"]
[WhiteElo "2628"]
[BlackElo "2444"]
[TimeControl "180+1"]
[EndTime "11:08:26 PDT"]
[Termination "kleinebeer98 won on time"]

1. e4 e5 2. Nf3 Nc6 3. Nc3 Nf6 4. a3 g6 5. Nxe5 Nxe5 6. d4 Nc6 7. d5 Nb8 8. e5 Ng8 9. d6 cxd6 10. exd6 Qf6 11. Nd5 Qxd6 12. Bf4 Qe6+ 13. Be2 Bd6 14. O-O Bxf4 15.
Nxf4 Qe5 16. Nd3 Qf6 17. Nc5 Nc6 18. Bg4 d5 19. Bxc8 Rxc8 20. Qxd5 Nge7 21. Qd7+ Kf8 22. Qxb7 Kg7 23. Rfe1 Rhe8 24. Ne4 Qf4 25. g3 Qg4 26.
Nd6 Rb8 27. Nxe8+ Rxe8 28. Rad1 h5 29. Qd7 Qf3 30. Qxe8 h4 31. Qd7 Nf5 32. Qd3 Ncd4 33.
Qxf3 Nxf3+ 34. Kg2 Nxe1+ 35. Rxe1 Nd4 36. c4 h3+ 37. Kxh3 g5 38. c5 1-0

[Event "*** Titled Tuesday Blitz"]
[Site "Chess.com"]
[Date "2020.10.20"]
[Round "6"]
[White "Matols"]
[Black "Ajedrez_con_German"]
[Result "1-0"]
[WhiteElo "2273"]
[BlackElo "2445"]
[TimeControl "180+1"]
[EndTime "11:08:26 PDT"]
[Termination "Matols won on time"]

1. d4 d5 2. c4 c6 3. Nf3 Nf6 4.
e3 Bg4 5. h3 Bxf3 6. Qxf3 e6 7.
Bd2 Nbd7 8. Nc3 Bb4 9. Bd3 O-O 10.
O-O Ba5 11. a3 Re8 12. b4 Bc7 13. Rad1 Qe7 14. e4 dxe4 15. Nxe4 Nxe4 16. Bxe4 Rad8 17. Bc3 Nf6 18. Bc2 Rd7 19. Rfe1 Red8 20. Qe2 Bb6 21. d5 cxd5 22. c5 Bc7 23. Qd3 g6 24. Qf3 d4 25. Bb2 e5 26. Qxb7 e4 27. Qc6 Be5 28.
Bxe4 Nxe4 29. Qxe4 d3 30. Bxe5 Rd5 31. Bb2 1-0

[Event "*** Titled Tuesday Blitz"]
[Site "Chess.com"]
[Date "2020.10.20"]
[Round "6"]
[White "GukeshDommaraju"]
[Black "Margency"]
[Result "1-0"]
[WhiteElo "2835"]
[BlackElo "2691"]
[TimeControl "180+1"]
[EndTime "11:08:27 PDT"]
[Termination "GukeshDommaraju won by resignation"]

1. d4 Nf6 2. Nf3 e6 3. Bf4 d5 4.
e3 Bd6 5. Nbd2 c5 6. dxc5 Bxc5 7. Bd3 Nc6 8. O-O O-O 9. e4 Nb4 10. e5 Nxd3 11. cxd3 Nd7 12. Nb3 Be7 13. Rc1 Nb8 14. Nfd4 Bd7 15. Qd2 Nc6 16. Nxc6 Bxc6 17. Na5 Rc8 18. Be3 d4 19. Nxc6 Rxc6 20. Bf4 Qd5 21.
Rxc6 bxc6 22. b3 a5 23. Rc1 Bb4 24. Qe2 a4 25. bxa4 Ra8 26. Rc4 c5 27. Qc2 Qd7 28. Bc1 h6 29. h3 Bc3 30. Qb3 Qd5 31. Bf4 Kh7 32. Kh2 Ra7 33. Qb5 Bb4 34. Qe8 Kg6 35. h4 h5 36. f3 Qd7 37. Qxd7 Rxd7 38. Bc1 Ra7 39. a3 Bc3 40. f4 Rxa4 41. Rxa4 1-0

[Event "*** Titled Tuesday Blitz"]
[Site "Chess.com"]
[Date "2020.10.20"]
[Round "6"]
[White "AleksibFan"]
[Black "boasovietica"]
[Result "1-0"]
[WhiteElo "2577"]
[BlackElo "2385"]
[TimeControl "180+1"]
[EndTime "11:08:28 PDT"]
[Termination "AleksibFan won by resignation"]

1. d4 Nf6 2. Bg5 e6 3. Nf3 d5 4. e3 b6 5. Nbd2 Bb7 6. Bd3 Nbd7 7. Ne5 Nxe5 8. dxe5 h6 9. Bh4 g5 10. Bg3 Nd7 11. Qe2 c5 12. c3 Qc7 13. f4 O-O-O 14. a4 gxf4 15. exf4 Kb8 16. a5 c4 17. Bc2 h5 18.
Bh4 Rc8 19. Nf3 Bc5 20. Bf2 b5 21. O-O Bxf2+ 22. Qxf2 a6 23. Nd4 Rhg8 24. Kh1 Rg7 25. f5 exf5 26. e6 Nc5 27. Nxf5 Rg5 28. e7 Ne4 29. Qf4 Qxf4 30. Rxf4 Re8 31. Raf1 Kc7 32. Nd4 Rxe7 33. Rxf7 Rg7 34. Rxg7 Rxg7 35. Ne6+ 1-0

[Event "*** Titled Tuesday Blitz"]
[Site "Chess.com"]
[Date "2020.10.20"]
[Round "6"]
[White "GMaka"]
[Black "Zmof"]
[Result "1-0"]
[WhiteElo "2371"]
[BlackElo "2175"]
[TimeControl "180+1"]
[EndTime "11:08:28 PDT"]
[Termination "GMaka won on time"]

1. Nf3 f5 2. d4 Nf6 3. Bg5 e6 4. Nc3 d5 5. e3 Be7 6. Bd3 O-O 7.
Ne2 Ne4 8. Bxe7 Qxe7 9. c3 c5 10. Ne5 Nd7 11. f3 Nxe5 12. dxe5 Ng5 13. h4 Nf7 14. f4 Bd7 15. Ng1 Bc6 16. Nf3 Rad8 17. Ng5 d4 18. exd4 cxd4 19. c4 Bxg2 20. Rg1 Bc6 21.
Qh5 Nxg5 22. Qxg5 Qxg5 23. Rxg5 Be4 24. Kd2 Rd7 25. Re1 Bxd3 26. Kxd3 Rc8 27. Rc1 b6 28. b4 Kf8 29. Rg2 Ke8 30. Rgc2 a6 31. c5 bxc5 32. Rxc5 Rxc5 33. Rxc5 Rb7 34. a3 Kd7 35. Kxd4 Rb5 36. Rxb5 axb5 37. Kc5 1-0

[Event "*** Titled Tuesday Blitz"]
[Site "Chess.com"]
[Date "2020.10.20"]
[Round "6"]
[White "Smile2005"]
[Black "MikeSailer"]
[Result "1-0"]
[WhiteElo "2342"]
[BlackElo "2104"]
[TimeControl "180+1"]
[EndTime "11:08:28 PDT"]
[Termination "Smile2005 won on time"]

1. Nf3 d5 2. g3 Bf5 3. Bg2 e6 4. O-O Nf6 5. d4 Be7 6. c4 O-O 7. Nc3 c6 8. Nd2 h6 9. e4 dxe4 10. Ndxe4 Nxe4 11. Nxe4 Nd7 12. h3 Nf6 13. Nc3 Qa5 14. Be3 Rad8 15. Qb3 Qb6 16. Rfd1 Qxb3 17. axb3 a6 18. Rd2 Bb4 19. Ra4 a5 20. Ra1 Rd7 21. g4 Bh7 22. f4 Rfd8 23. Kf2 Ne8 24. Rad1 Nd6 25. d5 exd5 26. cxd5 Bxc3 27. bxc3 Ne4+ 28. Bxe4 Bxe4 29. d6 b5 30. Bb6 Ra8 31. Re1 f5 32. gxf5 Bxf5 33. Re5 Bxh3 34. Kg3 Bf1 35. Re7 Rxe7 36.
dxe7 Re8 37. Bd8 a4 38. bxa4 bxa4 39. Ra2 Bb5 40. c4 Bxc4 41. Rxa4 Bb5 42. Ra1 Kf7 43.
Rc1 g6 44. Re1 Ba4 45. Re5 Bb5 46. Kf2 Ba4 47. Ke3 Bb5 48. Kd4 Ba4 49. Kc5 Bb5 50. Kd6 h5 51. f5 gxf5 52. Rxf5+ Kg6 53. Rf8 c5 54. Kxc5 Ba4 55. Rf4 h4 56. Rxa4 h3 57. Rh4 Rh8 58. Rxh3 1-0

[Event "*** Titled Tuesday Blitz"]
[Site "Chess.com"]
[Date "2020.10.20"]
[Round "6"]
[White "zverr1"]
[Black "TomiLen"]
[Result "0-1"]
[WhiteElo "2422"]
[BlackElo "2608"]
[TimeControl "180+1"]
[EndTime "11:08:29 PDT"]
[Termination "TomiLen won by resignation"]

1. d4 d5 2. c4 c6 3. Nc3 Nf6 4. Nf3 dxc4 5. e4 b5 6. Be2 e6 7.
O-O Bb7 8. Qc2 Nbd7 9. Rb1 Be7 10. b3 b4 11. bxc4 c5 12. e5 Ng4 13. Ne4 cxd4 14. Bf4 O-O 15. h3 f5 16. exf6 Ngxf6 17.
Neg5 Nc5 18. Bd3 h6 19. Bh7+ Kh8 20. Ne5 hxg5 21. Ng6+ Kxh7 22. Nxf8+ Kg8 23. Bxg5 Be4 24. Qe2 Qxf8 25. Rbd1 Rd8 26. Qb2 Nd3 27. Qe2 Nc5 28. Qb2 e5 29. f3 Bf5 30. Rfe1 Ncd7 31. Qb3 Qf7 32. Bd2 a5 33. a3 bxa3 34. Bxa5 Ra8 35. Bb4 Rb8 36. Qxa3 Bxb4 37. Qb3 Bxe1 0-1

[Event "*** Titled Tuesday Blitz"]
[Site "Chess.com"]
[Date "2020.10.20"]
[Round "6"]
[White "romulocardoso"]
[Black "Resignify"]
[Result "1-0"]
[WhiteElo "2106"]
[BlackElo "2233"]
[TimeControl "180+1"]
[EndTime "11:08:31 PDT"]
[Termination "romulocardoso won on time"]

1. e4 c5 2. Nf3 Nc6 3. d4 cxd4 4. Nxd4 Nf6 5. Nc3 e5 6. Ndb5 d6 7. Bg5 a6 8. Na3 b5 9. Bxf6 gxf6 10. Nd5 Be7 11. c4 b4 12. Nc2 Rb8 13. Qh5 Be6 14. Nce3 Nd4 15. Bd3 Kd7 16. b3 Qg8 17.
O-O-O Qg5 18. Qxg5 fxg5 19. h4 gxh4 20. Nxe7 Kxe7 21.
Rxh4 Rbg8 22. f4 Rg3 23. Re1 exf4 24. Rxf4 Rhg8 25. Nd5+ Kd8 26. Nxb4 a5 27. e5 dxe5 28. Rxe5 axb4 29. Rxd4+ Kc7 30. Rc5+ Kb6 31. Rb5+ Kc7 32. Be4 Re3 33. Rb7+ Kc8 34. Ra7 Rg7 35. Re7 Bg4 36. Bb7+ 1-0

[Event "*** Titled Tuesday Blitz"]
[Site "Chess.com"]
[Date "2020.10.20"]
[Round "6"]
[White "GoltsevDmitry2000"]
[Black "amintabatabaei"]
[Result "0-1"]
[WhiteElo "2678"]
[BlackElo "2944"]
[TimeControl "180+1"]
[EndTime "11:08:32 PDT"]
[Termination "amintabatabaei won by resignation"]

1. e4 e5 2. Nf3 Nc6 3. Bb5 Nf6 4. O-O Nxe4 5. d4 Nd6 6. Bxc6 dxc6 7. dxe5 Nf5 8. Qe2 Nd4 9. Nxd4 Qxd4 10. Rd1 Qg4 11. Qxg4 Bxg4 12. f3 Be6 13. Be3 h5 14. Nd2 b6 15.
Ne4 Be7 16. b3 a5 17. a4 Bf5 18.
Rd2 h4 19. Nf2 Bb4 20. Re2 Rd8 21. g4 hxg3 22. hxg3 Bc3 23. Rd1 Rxd1+ 24. Nxd1 Bb4 25. c3 Be7 26. g4 Be6 27. c4 Bb4 28.
Bd2 Ke7 29. Bxb4+ axb4 30. Rd2 b5 31. Ne3 bxa4 32. bxa4 Ra8 33. Ra2 Ra5 34. f4 Bd7 35. Kf2 c5 36. Nd5+ Kd8 37. f5 Rxa4 38. Rd2 b3 39. e6 fxe6 40. fxe6 Ra2 41. e7+ Ke8 42. Ke3 Rxd2 43. Kxd2 Bxg4 44. Nxc7+ Kxe7 45. Kc3 Bd1 46. Nd5+ Kd6 47. Ne3 Bc2 48. Nd5 g5 49. Nf6 Ke6 50. Ng4 Kf5 51. Ne3+ Kf4 52. Nd5+ Kf3 53.
Nc7 g4 54. Ne6 g3 55. Nxc5 g2 0-1

[Event "*** Titled Tuesday Blitz"]
[Site "Chess.com"]
[Date "2020.10.20"]
[Round "6"]
[White "lacafi"]
[Black "LubovMarkelova"]
[Result "1/2-1/2"]
[WhiteElo "2132"]
[BlackElo "2246"]
[TimeControl "180+1"]
[EndTime "11:08:33 PDT"]
[Termination "Game drawn by repetition"]

1. d4 d5 2. Nf3 Nf6 3. e3 Bg4 4.
Nbd2 c5 5. c3 Nc6 6. Qa4 Bd7 7.
dxc5 e5 8. Qb3 Bxc5 9. Qxb7 Rb8 10. Qa6 O-O 11. Be2 Rb6 12. Qa4 Nd4 13. Qd1 Nxe2 14. Qxe2 Bb5 15. Qd1 Re8 16. b3 d4 17. c4 dxe3 18.
fxe3 Bc6 19. O-O Bxe3+ 20. Kh1 Ng4 21. Qe2 Bd4 22. Rb1 Bb7 23. Nxd4 Qxd4 24. Bb2 Qd7 25. Ne4 Bxe4 26. Qxe4 Rg6 27. Qe2 Qe6 28. c5 Nf6 29. Rbd1 Nd5 30. Qe4 Nf4 31. g3 Rxg3 32. hxg3 Qh3+ 33. Kg1 Qxg3+ 34. Kh1 Qh3+ 35. Kg1 Qg3+ 36. Kh1 Qh3+ 37. Kg1 Qg3+ 1/2-1/2

[Event "*** Titled Tuesday Blitz"]
[Site "Chess.com"]
[Date "2020.10.20"]
[Round "6"]
[White "WiktoriaPOL"]
[Black "katchesskat"]
[Result "1-0"]
[WhiteElo "2069"]
[BlackElo "2223"]
[TimeControl "180+1"]
[EndTime "11:08:33 PDT"]
[Termination "WiktoriaPOL won by checkmate"]

1. c4 c5 2. Nf3 e6 3. Nc3 a6 4. d4 cxd4 5. Nxd4 Qc7 6. e4 Nf6 7. Be3 b6 8. Bd3 Bb7 9. O-O Bb4 10. Qc2 h5 11. f3 h4 12. a3 Bd6 13. f4 Be7 14. e5 Ng4 15. Ndb5 axb5 16. Nxb5 Qc6 17.
Bd4 h3 18. Rfe1 Qxg2+ 19. Qxg2 hxg2 20. Nc7+ Kf8 21. Nxa8 Rxh2 22. Be4 Rh1+ 23. Kxg2 Bxe4+ 24. Rxe4 Rxa1 25. Nxb6 Nc6 26. Bc3 d5 27. cxd5 exd5 28. Nxd5 Bc5 29. Rc4 Rg1+ 30. Kf3 Nh2+ 31. Ke2 Rg2+ 32.
Kd3 Rg3+ 33. Kc2 Rxc3+ 34. Rxc3 Nd4+ 35. Kd3 Ba7 36. Rc8# 1-0

[Event "*** Titled Tuesday Blitz"]
[Site "Chess.com"]
[Date "2020.10.20"]
[Round "6"]
[White "Shivagami"]
[Black "tteshan"]
[Result "0-1"]
[WhiteElo "2246"]
[BlackElo "2395"]
[TimeControl "180+1"]
[EndTime "11:08:34 PDT"]
[Termination "tteshan won on time"]

1. d4 d5 2. c4 dxc4 3. e4 e5 4. Nf3 Bb4+ 5. Bd2 Bxd2+ 6. Qxd2 exd4 7. Qxd4 Nf6 8. Qxd8+ Kxd8 9. Nc3 Re8 10. O-O-O+ Ke7 11. e5 Nfd7 12. Bxc4 Kf8 13. Rhe1 c6 14. Ne4 Nb6 15. Bb3 Be6 16. Bxe6 fxe6 17. Nd6 Re7 18. Re4 Nd5 19. Ng5 h6 20. Nf3 Na6 21. Nh4 Kg8 22. Rd3 Nc5 23. Rg3 Nxe4 24. Nxe4 Rf7 25. f3 Ne3 26. Nd6 Rd7 27. f4 Nd5 28. f5 exf5 29.
Nhxf5 Kh7 30. e6 Rc7 31. Nf7 Rg8 32. Ne5 Nf4 33. e7 g5 34. Re3 Nd5 35. Re2 Nxe7 0-1